 Dungeon Crawl Stone Soup version 0.30.0-19-g36f170ea60 (webtiles) character file.

Game seed: 2804524912866086211

66 Irreverend the Changer (level 3, 0/18 HPs)
             Began as a Spriggan Transmuter on May 27, 2023.
             Killed from afar by a dart slug (3 damage)
             ... with a slug dart
             ... on level 3 of the Dungeon.
             The game lasted 00:03:18 (1866 turns).

Irreverend the Changer (Spriggan Transmuter)        Turns: 1866, Time: 00:03:19

Health: 0/18       AC:  2    Str:  6    XL:     3   Next: 96%
Magic:  5/8        EV: 18    Int: 16    God:
Gold:   81         SH:  0    Dex: 15    Spells: 4/7 levels left

rFire   . . .        d - +0 sling
rCold   . . .        (no shield)
rNeg    . . .        a - +0 robe
rPois   .            (helmet currently unavailable)
rElec   .            (no cloak)
rCorr   .            (gloves unavailable)
SInv    +            (boots unavailable)
Will    .....        (no amulet)
Stlth   +            (no ring)
HPRegen 0.23/turn    (no ring)
MPRegen 0.11/turn

%: no passive effects
@: appendages, wereblooded, very quick
A: horns 2, talons 2, very small, no large weapons, unfitting armour, see
invisible, speed 3
a: End Transformation


You were on level 3 of the Dungeon.
You had temporarily grown beastly horns and talons.
You visited 1 branch of the dungeon, and saw 3 of its levels.

You collected 81 gold pieces.

Inventory:

Hand Weapons
 d - a +0 sling (weapon)
Armour
 a - a +0 robe (worn)
Jewellery
 c - a ring of resist corrosion
 k - a ring of ice
Scrolls
 e - a scroll of amnesia {unknown}
 i - a scroll of identify {unknown}
 j - a scroll of teleportation {unknown}
Potions
 b - a potion of lignification
 f - a potion of heal wounds {unknown}
 g - a potion of curing {unknown}
 h - a potion of degeneration {unknown}


   Skills:
 + Level 1.6 Fighting
 + Level 3.6 Dodging
 + Level 2.9 Unarmed Combat
 - Level 2.6 Spellcasting
 + Level 3.7 Transmutations


You had 4 spell levels left.
You knew the following spells:

 Your Spells              Type           Power      Damage    Failure   Level
a - Beastly Appendage     Tmut           28%        N/A       4%          1
b - Wereblood             Tmut           14%        N/A       6%          2

Your spell library contained the following spells:

 Spells                   Type           Power      Damage    Failure   Level
 Passwall                 Tmut/Erth      6%         N/A       14%         2
 Sandblast                Erth           4%         2d4       19%         1
 Spider Form              Tmut/Pois      8%         N/A       26%         3
 Stone Arrow              Conj/Erth      4%         3d7       50%         3
 Ice Form                 Ice/Tmut       8%         N/A       65%         4


Dungeon Overview and Level Annotations

Branches:
Dungeon (3/15)

Altars:

Shops:
D:1 *

Annotations:
D:1 2 transporters


Innate Abilities, Weirdness & Mutations

You have temporarily grown beastly horns and talons.
You are very small and have problems with some larger weapons.
You are too small for most types of armour.
You have supernaturally acute eyesight. (SInv)
You cover ground extremely quickly. (Speed+++)


Message History

The sling bullet closely misses the jackal.
The jackal closely misses you. The jackal bites you. x2
The jackal closely misses you.
You shoot a sling bullet. The sling bullet hits the jackal.
The jackal is moderately wounded.
The jackal closely misses you. The jackal misses you.
The jackal barely misses you. The jackal bites you.
Casting: Wereblood (safe; 6% risk of failure)
Confirm with . or Enter, or press ? or * to list all spells.
You grow a pair of large bovine horns.
Your feet morph into talons.
The jackal bites you but does no damage.
The jackal closely misses you. x2
Casting: Beastly Appendage (safe; 4% risk of failure)
Confirm with . or Enter, or press ? or * to list all spells.
Your blood is infused with primal strength.
The jackal bites you. The jackal completely misses you.
The dart slug barely misses you. The jackal closely misses you.
Found a stone staircase leading down.
The dart slug launches a dart at you. The slug dart hits you.
* * * LOW HITPOINT WARNING * * *
You are too injured to fight recklessly!
You are too injured to fight recklessly!
You are too injured to fight recklessly!
You are too injured to fight recklessly!
You shoot a sling bullet.
The sling bullet barely misses the jackal.
The sling bullet hits the jackal but does no damage.
The jackal is lightly wounded.
The jackal barely misses you. The jackal bites you.
* * * LOW HITPOINT WARNING * * *
The jackal misses you.
You shoot a sling bullet. The sling bullet hits the jackal!
You feel a bit better.
You kill the jackal!
The jackal misses you. The jackal bites you.
* * * LOW HITPOINT WARNING * * *
The dart slug launches a dart at you. The slug dart hits you.
You die...

.# #####.####
#..........
#..........# ....#
#..........#.....)
#..........#......
#.h.......... ....
#@†.......># ....h
#####..........##..h..
.......................
.........w......<.#
.................##
.........########....
.........# .###
.........> ..
.......... ###


You could see a dart slug and a jackal.

Vanquished Creatures
  An adder (D:2)
  A worm (D:2)
  A dart slug (D:1)
  4 ball pythons
  3 endoplasms (D:1)
  5 giant cockroaches
  4 goblins
  9 hobgoblins
  A jackal (D:3)
  3 quokkas (D:2)
  6 bats
  2 frilled lizards
  3 kobolds (D:1)
  3 rats
46 creatures vanquished.

Notes
Turn   | Place    | Note
-------+----------+-------------------------------------------
     0 | D:1      | Irreverend the Spriggan Transmuter began the quest for the
                  | Orb.
     0 | D:1      | Reached XP level 1. HP: 9/9 MP: 5/5
   108 | D:1      | Reached skill level 1 in Fighting
   261 | D:1      | Reached XP level 2. HP: 4/14 MP: 6/6
   342 | D:1      | Found a transporter.
   697 | D:1      | Reached XP level 3. HP: 18/18 MP: 8/8
   731 | D:1      | Found Ofinnes's General Store.
   757 | D:1      | Found a transporter.
  1114 | D:2      | Learned a level 2 spell: Wereblood
  1866 | D:3      | Killed from afar by a dart slug

Illustrated notes

Levels and vault maps discovered:
D:1:      dpeg_arrival_arbitrary_c, layout_basic, serial_shops,
          nicolae_shop_drivethru
D:2:      layout_basic, minmay_quantized
D:3:      minmay_wonky_spiral, layout_rooms, kennysheep_potato, uniq_robin

Skill      XL: |  1 |
---------------+----+-----
Fighting       | 1 |  1.6
Dodging        | 3 |  3.6
Transmutations | 3 |  3.7
Unarmed Combat | |  2.9
Spellcasting   | |  2.6

Action                     || total
---------------------------++-------
  Melee: Unarmed           ||     9
         Kick              ||     4
   Fire: Sling             ||   211
   Cast: Beastly Appendage ||     7
         Wereblood         ||     3
 Armour: Robe              ||    29
  Dodge: Dodged            ||   172
